 Dungeon Crawl Stone Soup version 0.18-b1-2-gd0c887e (webtiles) character file.

641 sav the Skirmisher (level 7, -1/64 HPs)
             Began as a Hill Orc Fighter on Apr 28, 2016.
             Succumbed to a killer bee's poison
             ... on level 4 of the Dungeon.
             The game lasted 00:23:21 (4371 turns).

sav the Skirmisher (Hill Orc Fighter)               Turns: 4371, Time: 00:23:22

Health: -1/64      AC: 10    Str: 26    XL:     7   Next: 51%
Magic:  7/7        EV:  8    Int:  8    God:
Gold:   198        SH: 14    Dex: 10    Spells: 0 memorised, 6 levels left

rFire  . . .     SeeInvis .     a - +0 flail
rCold  . . .     Gourm    .     i - +1 ring mail {rPois}
rNeg   + . .     Faith    .     e - +0 shield
rPois  +         Spirit   .     b - +0 helmet
rElec  .         Dismiss  .     (no cloak)
rCorr  .         Reflect  +     r - +0 pair of gloves
SustAt .         Harm     .     c - +0 pair of boots
MR     .....                    l - +4 amulet of reflection
Stlth  ..........               (no ring)
                                p - ring of positive energy

@: mighty, lethally poisoned (-1 -> -14), very slightly contaminated, invisible,
not resistant to hostile enchantments, extremely unstealthy
A: no striking features
a: no special abilities


You were on level 4 of the Dungeon.
You were not hungry.

You visited 1 branch of the dungeon, and saw 4 of its levels.

You collected 198 gold pieces.

Inventory:

Hand Weapons
 a - a +0 flail (weapon)
Armour
 b - a +0 helmet (worn)
 c - a +0 pair of boots (worn)
 e - a +0 shield (worn)
 i - a +1 ring mail of poison resistance (worn)
 r - a +0 pair of gloves (worn)
Jewellery
 l - a +4 amulet of reflection (around neck)
 p - a ring of positive energy (left hand)
Scrolls
 g - 2 scrolls of remove curse
 j - a scroll of fear
 m - a scroll of random uselessness {unknown}
 o - a scroll of teleportation {unknown}
 s - a scroll of enchant armour {unknown}
 y - a scroll of recharging {unknown}
Potions
 q - a potion of magic {unknown}
 t - a potion of degeneration {unknown}
 u - 2 potions of lignification {unknown}
 v - a potion of invisibility
 x - a potion of cure mutation {unknown}
 A - a potion of flight {unknown}
Comestibles
 d - 5 chunks of flesh
 f - 2 bread rations
 h - 2 meat rations
 k - 9 fruits
 n - 2 beef jerkies


   Skills:
 * Level 6.9 Fighting
 * Level 5.2 Maces & Flails
 + Level 4.7 Armour
 + Level 4.5 Shields


You had 6 spell levels left.
You didn't know any spells.

Dungeon Overview and Level Annotations

Branches:
Dungeon (4/15)
 Temple: D:4-7

Altars:
Pakellas
Sif Muna
The Shining One

Annotations:
D:4 swiech's ghost, amateur MiFi


Message History

You closely miss the killer bee.
The killer bee is severely wounded.
You feel sick. The killer bee stings you.
* * * LOW HITPOINT WARNING * * *
You block the killer bee's attack.
The killer bee stings you but does no damage.
You block the killer bee's attack. The killer bee stings you.
* * * LOW HITPOINT WARNING * * *
The killer bee barely misses you.
You feel sick. The killer bee closely misses you.
You block the killer bee's attack.
You feel sick. You block the killer bee's attack. x2
The killer bee stings you!
* * * LOW HITPOINT WARNING * * *
You are more poisoned.
The killer bee poisons you!
* * * LOW HITPOINT WARNING * * *
You feel sick. You block the killer bee's attack.
You fade further into invisibility.
You die...

...... ###### # .. .
......##########....# # ... ...
..............(.....# ###..#..
####..............### #....#.#+#
#...#................. .......#.#
#...#................. ...###...#
#...#................. .>...#...#
#...#yy...............
...#.#...###...#@y...............
.................................
...#..##.#....#.#................
...##.##.#....#.#................
...##.##.####.#.#................
.......#.####.#.#................
...........##.#.#................
.......#.#.#..#...#######...#....
(.....................###.......#


You could see 3 killer bees.

Vanquished Creatures
  An ogre (D:3)
  A centaur (D:3)
  A scorpion (D:4)
  A killer bee (D:4)
  Terence (D:3)
  2 iguanas (D:4)
  4 worker ants
  Robin (D:3)
  3 gnolls (D:4)
  7 adders
  An ooze (D:4)
  An adder skeleton (D:4)
  A dart slug (D:1)
  7 orcs
  A ball python (D:4)
  5 bats
  4 giant cockroaches
  21 goblins
  8 hobgoblins
  6 jackals
  6 kobolds
  2 quokkas (D:3)
  4 giant newts
  A jackal skeleton (D:4)
  4 rats
94 creatures vanquished.

Vanquished Creatures (others)
  A deep elf knight (D:3)
  2 goblins (D:3)
3 creatures vanquished.

Grand Total: 97 creatures vanquished

Notes
Turn   | Place    | Note
--------------------------------------------------------------
     0 | D:1      | sav the Hill Orc Fighter began the quest for the Orb.
     0 | D:1      | Reached XP level 1. HP: 19/19 MP: 1/1
   107 | D:1      | Reached XP level 2. HP: 27/27 MP: 2/2
   320 | D:1      | Reached skill level 4 in Fighting
   967 | D:1      | Reached XP level 3. HP: 31/33 MP: 3/3
  1656 | D:3      | Noticed Terence
  1665 | D:3      | Killed Terence
  1665 | D:3      | Reached XP level 4. HP: 39/41 MP: 4/4
  1737 | D:3      | Reached skill level 5 in Fighting
  2178 | D:3      | Noticed an ogre
  2190 | D:3      | Noticed a centaur
  2428 | D:3      | Reached XP level 5. HP: 48/48 MP: 5/5
  2496 | D:3      | Killed a centaur
  2554 | D:3      | Found an oddly glowing altar of Pakellas.
  2555 | D:3      | Noticed a deep elf knight
  2564 | D:3      | Killed a deep elf knight
  2683 | D:3      | Noticed Robin
  2693 | D:3      | Killed Robin
  2693 | D:3      | Reached XP level 6. HP: 44/57 MP: 6/6
  2927 | D:3      | Reached skill level 6 in Fighting
  3226 | D:4      | Noticed swiech's ghost (amateur MiFi)
  3562 | D:4      | Reached XP level 7. HP: 25/64 MP: 7/7
  3997 | D:4      | Reached skill level 5 in Maces & Flails
  4040 | D:4      | Found a glowing golden altar of the Shining One.
  4041 | D:4      | Found a deep blue altar of Sif Muna.
  4369 | D:4      | HP: 1/64 [killer bee (8)]
  4371 | D:4      | Succumbed to a killer bee's poison

Skill      XL: |  1  2  3  4  5  6  7 |
---------------+----------------------+-----
Fighting       | 4 5 6 |  6.9
Maces & Flails | 3 4 5 |  5.2
Armour         | 4 |  4.7
Shields        | 4 |  4.5

Action                   |  1- 3 |  4- 6 |  7- 9 || total
-------------------------+-------+-------+-------++-------
Melee: Flail             |   101 |   179 |    69 ||   349
  Use: Scroll            |     3 |     2 |     2 ||     7
       Potion            |     1 |     1 |     3 ||     5
 Stab: Invisible         |       |       |     4 ||     4
  Eat: Chunk             |     2 |     6 |       ||     8
       Bread ration      |       |     1 |       ||     1
Armor: Scale mail        |    47 |    45 |       ||    92
       Ring mail         |       |    44 |    26 ||    70
Dodge: Dodged            |    59 |    84 |    62 ||   205
Block: Shield            |       |   129 |    85 ||   214
       Reflection        |       |     3 |       ||     3
